 Dungeon Crawl Stone Soup version 0.20.1-1-g8b1a95d (webtiles) character file.

1982 empire the Slasher (level 9, -3/63 HPs)
             Began as a Mummy Fighter on July 26, 2017.
             Was an Initiate of Gozag.
             Killed by divine providence
             ... invoked by an orc priest
              (11 damage)
             ... on level 7 of the Dungeon.
             The game lasted 00:15:28 (8013 turns).

empire the Slasher (Mummy Fighter)                  Turns: 8013, Time: 00:15:29

Health: -3/63      AC: 13    Str: 25    XL:     9   Next: 1%
Magic:  9/9        EV:  8    Int:  7    God:    Gozag
Gold:   106        SH:  9    Dex: 12    Spells: 8/8 levels left

rFire    . . .     SeeInvis .   a - +1 long sword
rCold    + . .     Gourm    .   c - +0 shield
rNeg     + + +     Faith    .   p - +2 chain mail {rF+}
rPois    ∞         Spirit   .   d - +0 helmet
rElec    .         Reflect  .   (no cloak)
rCorr    .         Harm     .   (no gloves)
MR       +....                  (no boots)
Stlth    ..........             (no amulet)
Regen    0.2/turn               j - ring of wizardry
MPRegen  0.2/turn               l - +3 ring of strength

@: about to teleport, marked, flying, hasted, very quick
A: no food or potions, fire vulnerability, cold resistance 1, negative energy
resistance 3, torment resistance, unbreathing
a: Potion Petition, Call Merchant, Bribe Branch, Renounce Religion


You were on level 7 of the Dungeon.
You worshipped Gozag.
Gozag was aware of your devotion.
You were not hungry.

You visited 2 branches of the dungeon, and saw 8 of its levels.

You collected 586 gold pieces.
You paid 480 gold pieces to Gozag.

Inventory:

Hand Weapons
 a - a +1 long sword (weapon)
Armour
 c - a +0 shield (worn)
 d - a +0 helmet (worn)
 p - a +2 chain mail of fire resistance (worn)
Jewellery
 b - a cursed amulet of inaccuracy {unknown}
 j - a ring of wizardry (left hand)
 l - a +3 ring of strength (right hand)
 o - a cursed ring of loudness {unknown}
Wands
 q - a wand of flame (48/48)
Scrolls
 g - 5 scrolls of remove curse
 h - 2 scrolls of teleportation
 i - a scroll of fog
 k - a scroll of recharging
 m - a scroll of noise
 n - 3 scrolls of amnesia
 r - a scroll of random uselessness


   Skills:
 - Level 3.0 Fighting
 - Level 6.2 Long Blades
 - Level 5.2 Armour
 + Level 6.0 Dodging
 - Level 2.4 Shields


You had 8 spell levels left.
You didn't know any spells.

Dungeon Overview and Level Annotations

Branches:
Dungeon (7/15)             Temple (1/1) D:6

Altars:
Ashenzari
Cheibriados
Dithmenos
Elyvilon
Fedhas
Gozag
Kikubaaqudgha
Makhleb
Nemelex Xobeh
Okawaru
Qazlal
Ru
Sif Muna
Uskayaw
Vehumet
Xom
Yredelemnul
The Shining One

Shops:
D:7 :


Innate Abilities, Weirdness & Mutations

You do not eat or drink.
Your flesh is vulnerable to fire.
You are immune to poison.
Your flesh is cold resistant. (rC+)
You are immune to negative energy. (rN+++)
You are immune to unholy pain and torment.
You can survive without breathing.


Message History

You hit the orc priest but do no damage.
The orc priest is lightly wounded.
The orc priest closely misses you. Something hits you but does no damage.
You closely miss the orc priest. Something hits you but does no damage.
The orc priest hits you with a whip.
* * * LOW HITPOINT WARNING * * *
You hit the orc priest.
The orc priest is moderately wounded.
You hear some strange, mumbled words.
A magic dart appears from out of thin air!
The magic dart hits you!
* * * LOW HITPOINT WARNING * * *
The orc priest hits you but does no damage.
Something completely misses you.
As you read the scroll of teleportation, it crumbles to dust.
You feel strangely unstable. Something hits you but does no damage.
The orc priest invokes the aid of Beogh against you.
Beogh smites you!
You die...
Your body crumbles into a pile of gold.

#.# #.....# #.#
#.....# #.#
####'## ###'#####
#.# #.......###.#
#....##.....#
####....##.....#
#{......##.....###
#@########........
#o# #....#### #o#
#.###.# #o#
#.#...### #.#
#.#.#.##. ...
#.#.##. .♣.
#.#...... ∩ .
#........
#######..


You could see an orc priest and 2 orcs.

Vanquished Creatures
  The ghost of Agrougrou the Skirmisher, an amateur DsFi (D:4)
  A black bear (D:6)
  A sky beast (D:6)
  A phantom (D:5)
  4 ogres
  The ghost of Vorshek the Sneak, an amateur DsAs (D:3)
  A centaur (D:7)
  2 bullfrogs
  3 scorpions
  2 hounds
  2 jellies
  A bullfrog skeleton (D:6)
  2 centaur skeletons (D:6)
  2 orc priests
  4 orc wizards
  2 iguanas
  3 worker ants
  6 gnolls
  7 adders
  3 oozes
  4 worms
  A dart slug (D:1)
  6 leopard geckos
  28 orcs
  6 giant cockroaches
  10 goblins
  11 hobgoblins
  12 jackals
  6 kobolds
  3 quokkas
  3 ball pythons
  10 bats
  11 frilled lizards
  A leopard gecko skeleton (D:6)
  A quokka skeleton (D:6)
  7 rats
169 creatures vanquished.

Notes
Turn   | Place    | Note
-------+----------+-------------------------------------------
     0 | D:1      | empire the Mummy Fighter began the quest for the Orb.
     0 | D:1      | Reached XP level 1. HP: 18/18 MP: 1/1
   111 | D:1      | Reached XP level 2. HP: 24/24 MP: 2/2
   420 | D:1      | Reached XP level 3. HP: 27/29 MP: 3/3
  1089 | D:2      | Reached XP level 4. HP: 35/35 MP: 4/4
  2186 | D:3      | Reached XP level 5. HP: 41/41 MP: 5/5
  2211 | D:3      | Noticed Vorshek's ghost (amateur DsAs)
  2359 | D:3      | Killed Vorshek's ghost
  2359 | D:3      | Reached skill level 5 in Long Blades
  3084 | D:4      | Noticed Agrougrou's ghost (amateur DsFi)
  3085 | D:4      | Reached XP level 6. HP: 47/47 MP: 6/6
  3749 | D:4      | Reached XP level 7. HP: 47/52 MP: 7/7
  4006 | D:5      | Entered Level 5 of the Dungeon
  4850 | D:6      | Reached skill level 5 in Armour
  5061 | D:6      | Found a sacrificial altar of Ru.
  5069 | D:6      | Reached XP level 8. HP: 58/58 MP: 8/8
  5171 | D:6      | Reached skill level 1 in Dodging
  5221 | D:6      | Found a staircase to the Ecumenical Temple.
  5226 | Temple   | Entered the Ecumenical Temple
  5425 | Temple   | Became a worshipper of Gozag Ym Sagoz the Greedy
  6863 | D:4      | Killed Agrougrou's ghost
  7456 | D:7      | Reached skill level 5 in Dodging
  7995 | D:7      | Reached XP level 9. HP: 47/63 MP: 9/9
  7996 | D:7      | Found Ibed's Book Shop.
  8013 | D:7      | Killed from afar by an orc priest

Skill      XL: |  1  2  3  4  5  6  7  8 |
---------------+-------------------------+-----
Long Blades    | 2 3 4 5 6 |  6.2
Armour         | 5 |  5.2
Dodging        | 6 |  6.0
Fighting       | |  3.0
Shields        | |  2.4

Action                   |  1- 3 |  4- 6 |  7- 9 || total
-------------------------+-------+-------+-------++-------
Melee: Long sword        |   125 |   262 |   395 ||   782
Invok: Potion Petition   |       |       |     2 ||     2
  Use: Scroll            |       |       |    17 ||    17
 Stab: Distracted        |       |       |     1 ||     1
Armor: Scale mail        |    66 |    81 |       ||   147
       Chain mail        |       |     1 |   207 ||   208
Dodge: Dodged            |    52 |    78 |   100 ||   230
Block: Shield            |    62 |   111 |   180 ||   353
       Rpst.: Long sword |    13 |    27 |    31 ||    71
